 Dungeon Crawl Stone Soup version 0.28-a0-850-g09de17f5b5 (webtiles) character file.

Game seed: 15061795450512283072

104 vurker the Gusty (level 4, -10/35 HPs)
             Began as a Demigod Air Elementalist on Nov 13, 2021.
             Killed from afar by Ijyb (38 damage)
             ... with a bolt of acid
             ... on level 3 of the Dungeon.
             The game lasted 00:03:07 (3006 turns).

vurker the Gusty (Demigod Air Elementalist)         Turns: 3006, Time: 00:03:08

Health: -10/35     AC:  2    Str:  9    XL:     4   Next: 28%
Magic:  1/10       EV: 12    Int: 21    God:
Gold:   54         SH:  5    Dex: 14    Spells: 7/8 levels left

rFire   . . .      SeeInvis .   h - staff of cold
rCold   + . .      Faith    .   (no shield)
rNeg    . . .      Spirit   .   a - +0 robe
rPois   .          Reflect  +   (no helmet)
rElec   .          Harm     .   (no cloak)
rCorr   .          Rampage  .   (no gloves)
Will    .....                   (no boots)
Stlth   ++........              c - amulet of reflection
HPRegen 0.11/turn               (no ring)
MPRegen 0.12/turn               (no ring)

@: no status effects
A: high mp 1, forlorn
a: no special abilities


You were on level 3 of the Dungeon.
You visited 1 branch of the dungeon, and saw 3 of its levels.

You collected 54 gold pieces.

Inventory:

Armour
 a - a +0 robe (worn)
 l - a +0 buckler
   (You found it on level 2 of the Dungeon)
Magical Staves
 h - a staff of cold (weapon)
   (You found it on level 1 of the Dungeon)
Jewellery
 c - an amulet of reflection (around neck)
   (You found it on level 1 of the Dungeon)
Scrolls
 b - a scroll of amnesia {unknown}
 e - 2 scrolls of identify {unknown}
 f - 4 scrolls of teleportation {unknown}
 g - 2 scrolls of noise {unknown}
 i - a scroll of holy word {unknown}
 j - a scroll of magic mapping {unknown}
 n - a scroll of vulnerability {unknown}
Potions
 d - a potion of berserk rage {unknown}
 k - a potion of cancellation {unknown}
 m - a potion of resistance {unknown}
 o - a potion of heal wounds {unknown}


   Skills:
 + Level 1.2 Fighting
 - Level 1.7 Dodging
 - Level 1.7 Stealth
 + Level 0.2 Shields
 * Level 2.7 Spellcasting
 + Level 1.6 Conjurations
 * Level 3.5 Air Magic


You had 7 spell levels left.
You knew the following spells:

 Your Spells              Type           Power      Damage    Failure   Level
a - Shock                 Conj/Air       52%        1d6       4%          1

Your spell library contained the following spells:

 Spells                   Type           Power      Damage    Failure   Level
 Static Discharge         Conj/Air       13%        N/A       7%          2
 Corpse Rot               Necr/Air       20%        N/A       10%         2
 Poisonous Vapours        Pois/Air       20%        N/A       10%         2
 Swiftness                Air            17%        N/A       10%         3
 Sting                    Tmut/Pois      8%         1d3       14%         1
 Airstrike                Air            8%         N/A       32%         4
 Olgreb's Toxic Radiance  Pois           2%         N/A       80%         4


Dungeon Overview and Level Annotations

Branches:
Dungeon (3/15)

Annotations:
D:3 Ijyb


Innate Abilities, Weirdness & Mutations

Your attributes grow dramatically as you level up.
You have an increased reservoir of magic. (+10% MP)
You shall have no god before yourself.


Message History

A goblin comes into view. It is wielding a +0 club.
Aim: a goblin, wielding a +0 club (60% to hit)
The zap hits the goblin.
The goblin shouts! x2
A goblin comes into view. It is wielding a +0 club.
Aim: a goblin, wielding a +0 club (moderately wounded, 60% to hit)
The zap hits the goblin.
You kill the goblin!
The goblin shouts!
Aim: a goblin, wielding a +0 dagger (60% to hit)
The zap hits the goblin.
You kill the goblin!
You hear a shout!
A goblin comes into view. It is wielding a +0 dagger.
A goblin is nearby!
Aim: a goblin, wielding a +0 club (60% to hit)
The zap hits the goblin.
Aim: a goblin, wielding a +0 club (heavily wounded, 60% to hit)
The zap misses the goblin.
The zap hits the goblin.
You kill the goblin!
The zap misses the goblin.
The zap hits the goblin.
The goblin misses you.
The zap misses the goblin.
The zap hits the goblin.
You kill the goblin!
The zap hits the goblin.
You kill the goblin!
Ijyb the Twisted Goblin comes into view.
She is wielding a +0 dagger and carrying a wand of acid (10).
Things that are here:
a +0 dagger; a goblin corpse Ijyb screams, "Me very upset!"
You start resting.
Ijyb is nearby!
You don't know that spell.
The zap hits Ijyb. x2
Ijyb screams, "Get away!"
The zap hits Ijyb.
The zap hits Ijyb but does no damage.
The zap hits Ijyb.
The zap hits Ijyb but does no damage.
Ijyb misses you.
The zap hits Ijyb. x2; Ijyb hits you with a +0 dagger.
You miscast Shock.
You are very lightly contaminated with residual magic.
Nothing appears to happen.
You block Ijyb's attack.
You don't have enough magic to cast this spell.
You don't have enough magic to cast this spell.
You hit Ijyb but do no damage. Ijyb hits you with a +0 dagger.
You closely miss Ijyb. Ijyb closely misses you. You block Ijyb's attack.
You barely miss Ijyb. Ijyb hits you with a +0 dagger.
Your magical contamination has completely faded away.
Ijyb zaps a wand.
The bolt of acid hits you!!!
Ouch! That really hurt!
You die...

#.#.....# ###########....# ###
#...###### #.....g.)......#
..####(......#
#.#########...##
).........##.#
##.##########.##
#.#######.##.# #.............#
#.# #.##†# #..############ #.#
#.##†# #g.# #.# ###.##)####..#
#.# #.........@..#
#.#####.#.##.####..#
#...........†# #..#
#..####..<#### #..# ...# #..##
#..# ##### ##.####..######
#..# #...# #............# #..#
#.#.#
#######..####.###..####.#.####
.........#
#.##...#.........####


You could see Ijyb.

Vanquished Creatures
  3 gnolls
  A dart slug (D:1)
  4 orcs (D:3)
  6 ball pythons
  7 endoplasms
  A giant cockroach (D:1)
  10 goblins
  6 hobgoblins
  5 jackals
  4 kobolds
  3 quokkas
  3 bats
  5 frilled lizards
  3 rats
61 creatures vanquished.

Notes
Turn   | Place    | Note
-------+----------+-------------------------------------------
     0 | D:1      | vurker the Demigod Air Elementalist began the quest for the
                  | Orb.
     0 | D:1      | Reached XP level 1. HP: 14/14 MP: 5/5
    86 | D:1      | Reached skill level 1 in Conjurations
   272 | D:1      | Reached XP level 2. HP: 14/22 MP: 0/7
   583 | D:1      | Reached skill level 3 in Air Magic
   962 | D:2      | Reached XP level 3. HP: 27/27 MP: 2/9
   968 | D:1      | Reached skill level 1 in Fighting
  2384 | D:3      | Reached XP level 4. HP: 35/35 MP: 4/10
  2977 | D:3      | Noticed Ijyb
  3006 | D:3      | Killed from afar by Ijyb

Illustrated notes

Levels and vault maps discovered:
D:1:      lightli_iron_boxes, layout_rooms, nrook_mini_vaults
D:2:      layout_basic, st_stairs_11
D:3:      kennysheep_the_goblin_king, layout_loops_ring,
          chequers_ecumenical_altar_simple

Skill      XL: |  1  2  3 |
---------------+----------+-----
Conjurations   | 1 |  1.6
Spellcasting   | 2 |  2.7
Air Magic      | 3 |  3.5
Fighting       | 1 |  1.2
Dodging        | |  1.7
Stealth        | |  1.7
Shields        | |  0.2

Action                   |  1- 3 |  4- 6 || total
-------------------------+-------+-------++-------
Melee: Unarmed           |    19 |       ||    19
       Staff             |    13 |     3 ||    16
 Cast: Shock             |    98 |    34 ||   132
Armor: Robe              |    10 |     2 ||    12
Dodge: Dodged            |    46 |     5 ||    51
Block: Other             |    12 |     2 ||    14
       Reflection        |     1 |       ||     1

Table legend: (Time is in decaauts)
 A = Elapsed time spent in this place.
 B = Non-inter-level travel time spent in this place.
 C = Inter-level travel time spent in this place.
 D = Time resting spent in this place.
 E = Time spent auto-exploring this place.
 F = Levels seen in this place.
 G = Mean time per level.
                   A        B        C        D        E       F      G
               +--------+--------+--------+--------+--------+-----+--------+
         Total |   3010 |   2917 |     93 |    391 |   2162 |   3 | 1003.3 |
       Dungeon |   3010 |   2917 |     93 |    391 |   2162 |   3 | 1003.3 |
               +--------+--------+--------+--------+--------+-----+--------+

Top non-repeatable levels by time:
     D:1: 1403 daAuts
     D:2: 894 daAuts
     D:3: 712 daAuts
